 Dungeon Crawl Stone Soup version 0.16-a0-148-g3b84123 (webtiles) character file.

1962 Ratboiler the Quickloader (level 9, 0/74 HPs)
             Began as a Centaur Hunter on Aug 17, 2014.
             Slain by a centaur (3 damage)
             ... on Level 7 of the Dungeon.
             The game lasted 00:32:48 (6583 turns).

Ratboiler the Quickloader (Centaur Hunter)          Turns: 6583, Time: 00:32:48

HP   0/74        AC  8     Str 15      XL: 9   Next:  0%
MP   7/7         EV 12     Int 10      God:
Gold 460         SH  0     Dex 17      Spells:  0 memorised,  8 levels left

rFire  . . .     SeeInvis .     a - +0 arbalest
rCold  . . .     Clarity  .     X - +3 leather armour {MR+}
rNeg   . . .     rCorr    .     (no shield)
rPois  .         rRot     .     A - +0 helmet
rElec  .         Spirit   .     (no cloak)
SustAb .         Warding  .     (no gloves)
rMut   .         Stasis   .     (no barding)
Gourm  .                        (no amulet)
MR     +....                    (no ring)
                                y - +4 ring of dexterity

@: very quick, somewhat resistant to hostile enchantments, very unstealthy
A: hooves 3, deformed body, speed 2, tough skin 3
a: no special abilities


You were on level 7 of the Dungeon.
You were hungry.

You visited 1 branch of the dungeon, and saw 7 of its levels.

You collected 460 gold pieces.

Inventory:

Hand weapons
 a - a +0 arbalest (weapon)
 b - a +1 war axe of electrocution
 p - a cursed +3 dire flail
 z - a +0 blowgun
 D - a +2 hand crossbow
 L - a cursed +2 battleaxe
Missiles
 c - 3 bolts (quivered)
 e - 51 arrows
 q - 3 throwing nets
 C - 9 arrows of frost
 F - 16 poisoned needles
 V - 3 curare-tipped needles
Armour
 d - a +0 leather armour
 A - a +0 helmet (worn)
 E - a +0 leather armour of fire resistance
 X - a +3 leather armour of magic resistance (worn)
Magical devices
 R - a wand of random effects (9)
Comestibles
 f - 5 bread rations
 w - 2 fruits
 B - 2 meat rations
 H - 2 slices of pizza
 W - 2 rotting chunks of goblin flesh
 Y - 3 rotting chunks of orc flesh
Scrolls
 g - 2 scrolls of enchant weapon
 h - a scroll of teleportation
 j - a scroll of amnesia
 k - a scroll of enchant armour {unknown}
 m - a scroll of fog
 u - a scroll of recharging {unknown}
 x - 2 scrolls of magic mapping {unknown}
 J - a scroll of blinking {unknown}
 K - a scroll of noise
 M - 3 scrolls of remove curse
 O - a scroll of immolation {unknown}
Jewellery
 y - a +4 ring of dexterity (left hand)
 I - an uncursed ring of protection from fire {unknown}
Potions
 i - 2 potions of restore abilities {unknown}
 l - 2 potions of curing
 r - a potion of cure mutation {unknown}
 s - a potion of flight {unknown}
 t - 2 potions of heal wounds {unknown}
 v - a potion of haste
 G - 2 potions of agility {unknown}
 N - a potion of might {unknown}
 P - a potion of resistance {unknown}
 Q - 2 potions of brilliance {unknown}
 T - 2 potions of confusion {unknown}
 Z - a potion of lignification {unknown}


   Skills:
 + Level 5.6 Fighting
 * Level 10.3 Crossbows
 + Level 4.5 Dodging
 - Level 0.5 Stealth


You had 8 spell levels left.
You didn't know any spells.

Dungeon Overview and Level Annotations

Branches:
Dungeon (7/15)
 Temple: D:4-7

Altars:
Ashenzari
Elyvilon
Fedhas
Kikubaaqudgha
Vehumet
Xom

Shops:
D:7 (


Innate Abilities, Weirdness & Mutations

You have hooves in place of feet.
Armour fits poorly on your strangely shaped body.
You cover ground very quickly.
You have extremely tough skin (AC +3).


Message History

Firing (i - inventory. (,) - cycle):
c - 6 bolts (quivered)
Press: ? - help, Shift-Dir - straight line, f/p - centaur
Aim: a centaur (moderately wounded)
You shoot a bolt. The bolt barely misses the centaur.
The centaur hits you.
* * * LOW HITPOINT WARNING * * *
The centaur barely misses you.
Firing (i - inventory. (,) - cycle):
c - 5 bolts (quivered)
Press: ? - help, Shift-Dir - straight line, f/p - centaur
Aim: a centaur (moderately wounded)
You shoot a bolt. The bolt hits the centaur!
The centaur is heavily wounded.
The centaur barely misses you.
The centaur hits you but does no damage.
Firing (i - inventory. (,) - cycle):
c - 4 bolts (quivered)
Press: ? - help, Shift-Dir - straight line, f/p - centaur
Aim: a centaur (heavily wounded)
You shoot a bolt. The bolt misses the centaur.
The centaur hits you.
* * * LOW HITPOINT WARNING * * *
The centaur hits you.
You die...

#......... ###+####.........
#####+#......#.........
.?............+.........
.(.............#'####....
.....................#....
.....................##### #
#........##'###..........
(.#(.>...c@#....+..........
..('(....(((#....#..........
..#(..)((.(+....#..........
#(..((...#....#..........
#(....(..#+####..........
#?.....### ##+########
#....[.# #......+ #......#


You could see a centaur.

Vanquished Creatures
  Eustachio (D:6)
  Edmund (D:7)
  Menkaure (D:4)
  2 phantoms
  A black bear (D:7)
  2 centaurs
  2 giant frogs (D:7)
  2 scorpions (D:6)
  A yak zombie (D:7)
  4 wights (D:6)
  A crimson imp (D:5)
  3 orc wizards
  A goliath beetle (D:6)
  A giant frog skeleton (D:6)
  6 hounds
  2 orc priests
  5 worker ants
  A killer bee zombie (D:6)
  2 worker ant zombies
  3 adders
  2 shadow imps (D:5)
  A giant mite (D:5)
  3 worms (D:2)
  6 giant geckos
  15 orcs
  7 giant cockroaches
  A gnoll zombie (D:7)
  12 goblins
  14 hobgoblins
  5 jackals
  2 quokkas
  2 ball pythons (D:5)
  5 bats
  6 giant newts
  A goblin zombie (D:6)
  A hobgoblin zombie (D:6)
  9 kobolds
  9 rats
143 creatures vanquished.

Notes
Turn   | Place    | Note
--------------------------------------------------------------
     0 | D:1      | Ratboiler, the Centaur Hunter, began the quest for the Orb.
     0 | D:1      | Reached XP level 1. HP: 16/16 MP: 1/1
   266 | D:1      | Reached XP level 2. HP: 23/23 MP: 2/2
   835 | D:2      | Reached skill level 5 in Crossbows
   971 | D:2      | Reached XP level 3. HP: 19/28 MP: 3/3
  1732 | D:2      | Reached XP level 4. HP: 33/36 MP: 3/3
  2034 | D:2      | Found a blossoming altar of Fedhas.
  2164 | D:3      | Found a radiant altar of Vehumet.
  2406 | D:3      | Reached skill level 6 in Crossbows
  2406 | D:3      | Reached XP level 5. HP: 39/41 MP: 4/4
  2656 | D:3      | Found a white marble altar of Elyvilon.
  2981 | D:4      | Found a white marble altar of Elyvilon.
  3001 | D:4      | Noticed Menkaure
  3058 | D:4      | Killed Menkaure
  3065 | D:4      | Reached XP level 6. HP: 46/50 MP: 5/5
  3120 | D:4      | Found an ancient bone altar of Kikubaaqudgha.
  3249 | D:4      | Noticed a phantom
  3260 | D:4      | Killed a phantom
  3260 | D:4      | Reached skill level 7 in Crossbows
  3393 | D:4      | Found a shimmering altar of Xom.
  3581 | D:5      | Entered Level 5 of the Dungeon
  3773 | D:5      | Reached XP level 7. HP: 51/57 MP: 5/5
  3953 | D:5      | Found a shattered altar of Ashenzari.
  4108 | D:5      | Reached skill level 8 in Crossbows
  5220 | D:6      | Reached XP level 8. HP: 64/67 MP: 6/6
  5261 | D:6      | Noticed Eustachio
  5283 | D:6      | Killed Eustachio
  5472 | D:6      | Reached skill level 9 in Crossbows
  5954 | D:7      | Reached skill level 5 in Fighting
  6282 | D:7      | Noticed Edmund
  6321 | D:7      | Killed Edmund
  6321 | D:7      | Reached skill level 10 in Crossbows
  6467 | D:7      | Found Migew's Weapon Boutique.
  6566 | D:7      | Reached XP level 9. HP: 25/74 MP: 7/7
  6583 | D:7      | HP: 3/74 [centaur (5)]
  6583 | D:7      | Slain by a centaur

Action                   |  1- 3 |  4- 6 |  7- 9 || total
-------------------------+-------+-------+-------++-------
Melee: Short sword       |    37 |    12 |       ||    49
       Spear             |       |    74 |    94 ||   168
       War axe           |       |       |    35 ||    35
 Fire: Hand crossbow     |    53 |    85 |   158 ||   296
       Arbalest          |       |       |    30 ||    30
Throw: Throwing net      |       |     1 |       ||     1
Evoke: Wand              |       |     1 |       ||     1
  Use: Potion            |       |     1 |     2 ||     3
       Scroll            |       |       |    11 ||    11
  Eat: Chunk             |     2 |     5 |     6 ||    13
       Fruit             |       |       |     1 ||     1
